 Dungeon Crawl Stone Soup version 0.28.0-45-g0d030f2227 (webtiles) character file.

Game seed: 11457390277341183142

1237 Kaptain the Digger (level 8, -7/48 HPs)
             Began as a Gargoyle Earth Elementalist on Apr 14, 2022.
             Mangled by a two-headed ogre
             ... wielding a +0 giant club
              (13 damage)
             ... on level 5 of the Dungeon.
             The game lasted 00:10:31 (7788 turns).

Kaptain the Digger (Gargoyle Earth Elementalist)    Turns: 7788, Time: 00:10:32

Health: -7/48      AC: 10    Str: 11    XL:     8   Next: 49%
Magic:  3/14       EV: 12    Int: 19    God:
Gold:   287        SH:  0    Dex: 10    Spells: 11/15 levels left

rFire   . . .      SeeInvis .   b - +0 hand crossbow
rCold   . . .      Faith    .   (no shield)
rNeg    + . .      Spirit   .   j - +0 leather armour
rPois   ∞          Reflect  .   a - +0 helmet
rElec   +          Harm     .   (no cloak)
rCorr   .          Rampage  .   (no gloves)
Will    .....                   (no boots)
Stlth   ++........              (no amulet)
HPRegen 0.16/turn               f - ring of wizardry
MPRegen 0.14/turn               (no ring)

@: studying Maces & Flails
A: sickness immunity, AC +5, negative energy resistance 1, electricity
resistance, torment resistance 1, petrification resistance
a: no special abilities


You were on level 5 of the Dungeon.
You visited 2 branches of the dungeon, and saw 6 of its levels.

You collected 287 gold pieces.

Inventory:

Hand Weapons
 b - a +0 hand crossbow (weapon)
 i - a +1 short sword
Missiles
 d - 38 bolts (quivered ammo)
Armour
 a - a +0 helmet (worn)
 j - a +0 leather armour (worn)
Jewellery
 f - a ring of wizardry (left hand)
 g - a ring of fire
 q - a ring of willpower
Scrolls
 m - 2 scrolls of immolation {unknown}
 n - 2 scrolls of identify {unknown}
 o - 2 scrolls of enchant weapon
 p - a scroll of teleportation
 s - a scroll of noise {unknown}
 t - a scroll of torment {unknown}
 u - a scroll of vulnerability {unknown}
Potions
 c - a potion of brilliance {unknown}
 e - 3 potions of lignification {unknown}
 h - a potion of mutation {unknown}
 k - a potion of attraction {unknown}
 l - a potion of magic {unknown}
 r - 2 potions of degeneration {unknown}


   Skills:
 * Level 4.5 Fighting
 + Level 3.1 Armour
 + Level 3.1 Dodging
 - Level 2.1 Stealth
 * Level 4.4 Spellcasting
 * Level 4.6 Conjurations
 - Level 0.7 Transmutations
 * Level 6.3 Earth Magic


You had 11 spell levels left.
You knew the following spells:

 Your Spells              Type           Power      Damage    Failure   Level
a - Sandblast             Erth           56%        2d13      1%          1
b - Stone Arrow           Conj/Erth      50%        3d10      2%          3

Your spell library contained the following spells:

 Spells                   Type           Power      Damage    Failure   Level
 Magic Dart               Conj           84%        1d7       1%          1
 Passwall                 Tmut/Erth      14%        N/A       2%          2
 Sting                    Tmut/Pois      20%        1d4       6%          1
 Conjure Flame            Conj/Fire      13%        6-21      8%          3
 Poisonous Vapours        Pois/Air       8%         N/A       11%         2
 Petrify                  Tmut/Erth      17%        N/A       16%         4
 Ignite Poison            Fire/Tmut/Pois 5%         N/A       17%         3
 Sticky Flame             Conj/Fire      13%        2d4       26%         4
 Olgreb's Toxic Radiance  Pois           4%         N/A       52%         4


Dungeon Overview and Level Annotations

Branches:
Dungeon (5/15)             Temple (1/1) D:4

Altars:
Ashenzari
Cheibriados
Dithmenos
Elyvilon
Fedhas
Gozag
Hepliaklqana
Kikubaaqudgha
Makhleb
Nemelex Xobeh
Okawaru
Qazlal
Ru
Sif Muna
Trog
Uskayaw
Vehumet
Wu Jian
Xom
Zin
The Shining One

Shops:
D:4 *

Annotations:
D:5 4 runed translucent doors


Innate Abilities, Weirdness & Mutations

You are immune to sickness and miasma.
Your stone body is resilient. (AC +5)
You are immune to poison.
You resist negative energy. (rN+)
You are resistant to electric shocks. (rElec)
You are resistant to unholy torment.
You are immune to petrification.


Message History

Confirm with . or Enter, or press ? or * to list all spells.
Aiming: Stone Arrow (dangerous; 2% risk of failure)
Press: ? - help, Shift-Dir - straight line, f - you That beam is likely to hit you.
Continue anyway?
Okay, then.
A two-headed ogre comes into view. It is wielding two +0 giant clubs.
Found 10 gold pieces and a shiny plate armour.
The two-headed ogre shouts in stereo!
The two-headed ogre barely misses you.
The two-headed ogre hits you with a +0 giant club!
The two-headed ogre barely misses you.
The two-headed ogre hits you but does no damage.
Things that are here:
14 gold pieces; an iguana corpse
Casting: Stone Arrow (dangerous; 2% risk of failure)
Confirm with . or Enter, or press ? or * to list all spells.
Aiming: Stone Arrow (dangerous; 2% risk of failure)
Press: ? - help, Shift-Dir - straight line, f - two-headed ogre
Aim: a two-headed ogre, wielding two +0 giant clubs (86% to hit)
The stone arrow misses the two-headed ogre.
The two-headed ogre hits you with a +0 giant club!!
* * * LOW HITPOINT WARNING * * *
The two-headed ogre hits you with a +0 giant club.
* * * LOW HITPOINT WARNING * * *
Casting: Stone Arrow (dangerous; 2% risk of failure)
Confirm with . or Enter, or press ? or * to list all spells.
Aiming: Stone Arrow (dangerous; 2% risk of failure)
Press: ? - help, Shift-Dir - straight line, f/p - two-headed ogre
Aim: a two-headed ogre, wielding two +0 giant clubs (86% to hit)
The stone arrow hits the two-headed ogre!!
The two-headed ogre is heavily wounded.
Unknown command.
Casting: Stone Arrow (dangerous; 2% risk of failure)
Confirm with . or Enter, or press ? or * to list all spells.
Aiming: Stone Arrow (dangerous; 2% risk of failure)
Press: ? - help, Shift-Dir - straight line, f/p - two-headed ogre
Aim: a two-headed ogre, wielding two +0 giant clubs (heavily wounded, 86% to hit)
The stone arrow misses the two-headed ogre.
The two-headed ogre hits you with a +0 giant club!
You die...

##.#.#.#..#.........#
#.#.##.#['.##++##..#
#.#..#######8.W8##.#
#.##....# #8....8#.#
##..###### #)..../#..
#...### ## #(....}#..
#..##$ .[# #8....8#..
#..#.##.#####8K.8##.#
#..#@#.##('.##++##..#
#..#.O.#.##........##
#..#.####.#....#####
#..##....##...<.#
##...######...##.#
###..#..........##.#
#..........#######.####
#.#######..# #....# #.#
#..# #.##.#


You could see a two-headed ogre.

Vanquished Creatures
  Eustachio (D:5)
  A water moccasin (D:5)
  A sky beast (D:3)
  2 ogres (D:5)
  A centaur (D:5)
  A phantom (D:5)
  A gnoll sergeant (D:5)
  A wyvern skeleton (D:5)
  A killer bee (D:5)
  A bullfrog zombie (D:5)
  A jelly (D:4)
  A bullfrog skeleton (D:4)
  A hound (D:4)
  3 iguanas (D:5)
  A hound skeleton (D:4)
  A howler monkey skeleton (D:5)
  9 adders
  2 ufetubi
  2 adder skeletons (D:4)
  A worm (D:2)
  2 dart slugs (D:1)
  3 orcs
  7 ball pythons
  6 bats
  6 endoplasms
  5 giant cockroaches
  9 goblins
  6 hobgoblins
  6 jackals (D:1)
  8 kobolds
  8 quokkas
  2 frilled lizards
  7 rats
108 creatures vanquished.

Notes
Turn   | Place    | Note
-------+----------+-------------------------------------------
     0 | D:1      | Kaptain the Gargoyle Earth Elementalist began the quest for
                  | the Orb.
     0 | D:1      | Reached XP level 1. HP: 10/10 MP: 3/3
    46 | D:1      | Found a faded altar of an unknown god.
    89 | D:1      | Reached XP level 2. HP: 6/16 MP: 0/5
   371 | D:1      | Got Plato's Guide on Confrontation
   628 | D:1      | Reached skill level 1 in Fighting
   628 | D:1      | Reached skill level 1 in Conjurations
   628 | D:1      | Reached XP level 3. HP: 20/20 MP: 3/6
   632 | D:1      | Learned a level 3 spell: Stone Arrow
   665 | D:1      | Reached skill level 4 in Earth Magic
  1305 | D:2      | Found a shimmering blue altar of Sif Muna.
  1603 | D:2      | Reached XP level 4. HP: 14/25 MP: 5/7
  1875 | D:2      | Reached skill level 1 in Armour
  3276 | D:3      | Noticed a sky beast
  3342 | D:3      | Killed a sky beast
  3343 | D:3      | Reached XP level 5. HP: 12/30 MP: 0/9
  3916 | D:3      | Reached XP level 6. HP: 36/36 MP: 6/10
  4171 | D:4      | Found a staircase to the Ecumenical Temple.
  4181 | Temple   | Entered the Ecumenical Temple
  5342 | D:4      | Found Jeelin's Overcharged Wands.
  5600 | D:5      | Entered Level 5 of the Dungeon
  5600 | D:5      | Noticed a wraith
  5600 | D:5      | Found a large runed translucent door.
  5600 | D:5      | Found a large runed translucent door.
  5611 | D:5      | Reached skill level 5 in Earth Magic
  5938 | D:5      | Reached XP level 7. HP: 37/41 MP: 1/12
  6032 | D:5      | Found a large runed translucent door.
  6033 | D:5      | Found a large runed translucent door.
  6520 | D:5      | Noticed Eustachio
  6549 | D:5      | Killed Eustachio
  6806 | D:5      | Reached XP level 8. HP: 48/48 MP: 14/14
  6840 | D:5      | HP: 1/48 [centaur/arrow (6)]
  7176 | D:5      | Reached skill level 6 in Earth Magic
  7783 | D:5      | Noticed a two-headed ogre
  7788 | D:5      | Mangled by a two-headed ogre

Illustrated notes

Levels and vault maps discovered:
D:1:      dpeg_arrival_tiny_a, layout_rooms, shapermc_ecumenical_altar_rom_forum
D:2:      layout_loops_ring, basic_altar, minmay_3d_cube
D:3:      layout_basic
D:4:      layout_cave_pods, minmay_temple_entry_large_hall,
          portal_sewer_entry_d, nicolae_shop_overcharged_wands
D:5:      layout_loops_corners, minmay_hollow_rounded_squares, uniq_eustachio
Temple:   mainiacjoe_temple_archimedes_tessellation

Skill      XL: |  1  2  3  4  5  6  7  8 |
---------------+-------------------------+-----
Fighting       | 1 2 3 4 |  4.5
Conjurations   | 1 2 3 4 |  4.6
Earth Magic    | 4 5 6 |  6.3
Dodging        | 2 3 |  3.1
Armour         | 1 2 3 |  3.1
Spellcasting   | 3 4 |  4.4
Stealth        | |  2.1
Transmutations | |  0.7

Action                   |  1- 3 |  4- 6 |  7- 9 || total
-------------------------+-------+-------+-------++-------
Melee: Dagger            |    58 |     5 |       ||    63
       Short sword       |       |    23 |    20 ||    43
 Fire: Hand crossbow     |       |    27 |    18 ||    45
 Cast: Sandblast         |    52 |    13 |     3 ||    68
       Stone Arrow       |     2 |    53 |    28 ||    83
  Use: Scroll            |     2 |     3 |       ||     5
Armor: Robe              |    21 |       |       ||    21
       Leather armour    |     8 |    26 |    31 ||    65
Dodge: Dodged            |    51 |    22 |    29 ||   102
